 Seeded DCSS version 0.30.1-11-g7821555f0a (webtiles) character file.

Game seed: 6351066067085065685 (custom seed)

4792 Esekla the Thaumaturge (level 10, -11/50 HPs)
             Began as a Deep Elf Wanderer on Nov 6, 2023.
             Was an Elder of Vehumet.
             Killed from afar by a steam dragon (12 damage)
             ... with a ball of steam
             ... on level 9 of the Dungeon on Nov 7, 2023.
             The game lasted 01:04:09 (7741 turns).

Esekla the Thaumaturge (Deep Elf Wanderer)          Turns: 7741, Time: 01:04:10

Health: -11/50     AC:  6    Str: 11    XL:     10   Next: 24%
Magic:  21/36      EV: 14    Int: 23    God:    Vehumet [****..]
Gold:   566        SH:  4    Dex: 14    Spells: 18/32 levels left

rFire   . . .        s - +5 rapier of the Hero {heavy, rN+ Dex+3}
rCold   . . .        d - +0 buckler
rNeg    + . .        J - +0 robe
rPois   .            B - +1 helmet
rElec   .            F - +0 cloak
rCorr   .            l - +0 pair of gloves
SInv    .            (no boots)
Will    +....        y - amulet of magic regeneration
Stlth   ++           L - ring of magical power
HPRegen 0.28/turn    (no ring)
MPRegen 0.65/turn

%: no passive effects
@: slowed, studying Fighting, very slow
A: no striking features
a: Renounce Religion


You were on level 9 of the Dungeon.
You worshipped Vehumet.
Vehumet was greatly pleased with you.
You visited 1 branch of the dungeon, and saw 9 of its levels.
You also visited: Bailey.

You collected 566 gold pieces.

Inventory:

Hand Weapons
 a - a +2 vampiric dagger
 c - a +4 scimitar
 g - a +2 rapier of venom
 r - a +4 trident of venom
 s - the +5 rapier of the Hero (weapon) {heavy, rN+ Dex+3}
   (You found it on level 3 of the Dungeon)

   Dex:       It affects your dexterity (+3).
   rN:        It protects you from negative energy.
Missiles
 m - 3 boomerangs
 D - 28 poisoned darts (quivered)
 K - 4 curare-tipped darts
Armour
 d - a +0 buckler (worn)
 l - a +0 pair of gloves (worn)
 B - a +1 helmet (worn)
 F - a +0 cloak (worn)
 J - a +0 robe (worn)
Jewellery
 y - an amulet of magic regeneration (around neck)
 L - a ring of magical power (left hand)
Wands
 j - a wand of roots (4)
 z - a wand of flame (10)
 H - a wand of mindburst (9)
Scrolls
 h - a scroll of torment {unknown}
 o - 3 scrolls of enchant weapon {unknown}
 p - 2 scrolls of amnesia
 q - a scroll of enchant armour
 t - 5 scrolls of blinking {unknown}
 v - 2 scrolls of fog
 w - a scroll of silence
 x - a scroll of magic mapping
 A - 2 scrolls of fear
 E - 2 scrolls of teleportation
 G - 2 scrolls of poison
 I - 3 scrolls of noise {unknown}
 M - a scroll of acquirement
Potions
 b - 2 potions of lignification
 e - 2 potions of ambrosia {unknown}
 f - 6 potions of attraction {unknown}
 i - 4 potions of haste {unknown}
 k - 3 potions of curing
 n - a potion of mutation
 u - 3 potions of brilliance {unknown}


   Skills:
 * Level 0.3 Fighting
 + Level 3.1 Short Blades
 + Level 0.1(1.6) Long Blades
 + Level 2.0 Throwing
 * Level 5.9 Dodging
 + Level 3.4 Stealth
 + Level 2.0 Shields
 * Level 11.5 Spellcasting
 * Level 2.3 Conjurations
 * Level 1.8 Hexes
 * Level 8.1 Necromancy
 + Level 3.9 Translocations
 * Level 3.7 Transmutations
 * Level 3.5 Fire Magic
 * Level 4.0 Poison Magic
 + Level 1.0 Invocations
 + Level 0.6 Evocations


You had 18 spell levels left.
You knew the following spells:

 Your Spells              Type           Power      Damage    Failure   Level
a - Magic Dart            Conj           96%        1d7       1%          1
b - Blink                 Tloc           62%        N/A       1%          2
d - Vampiric Draining     Necr           50%        2d9       1%          3
l - Fulminant Prism       Conj/Hex       11%        3d9       8%          4
n - Ignite Poison         Fire/Tmut/Pois 30%        N/A       1%          3
p - Apportation           Tloc           62%        N/A       1%          1

Your spell library contained the following spells:

 Spells                   Type           Power      Damage    Failure   Level
 Lesser Beckoning         Tloc           62%        N/A       1%          2
 Gell's Gravitas          Tloc           31%        N/A       4%          3
 Spider Form              Tmut/Pois      31%        N/A       4%          3
 Teleport Other           Tloc           31%        N/A       4%          3
 Cause Fear               Hex            10%        N/A       32%         4
 Summon Mana Viper        Hex/Summ       17%        N/A       78%         5


Dungeon Overview and Level Annotations

Branches:
Dungeon (9/15)             Temple (0/1) D:6          Bailey (visited)
   Lair: D:8-11         Orc: D:9-12

Altars:
Dithmenos
Fedhas
Hepliaklqana
Okawaru
Qazlal
Trog
Uskayaw
Vehumet
Zin
The Shining One

Shops:
D:2 =   D:4 (

Annotations:
D:6 Pikel
D:7 Joseph
D:8 2 headed ogre


Message History

The kobold brigand looks frightened!
The gnoll sergeant looks frightened!
You block the steam dragon's attack. The steam dragon closely misses you.
The kobold brigand starts to cry.
Casting: Blink (safe; 1% risk of failure)
Confirm with . or Enter, or press ? or * to list all spells.
Aiming: Vampiric Draining (safe; 1% risk of failure)
Press: ? - help, Shift-Dir - straight line, f/p - steam dragon
Aim: a steam dragon (moderately wounded)
You draw life force from the steam dragon!
You feel life coursing into your body. The steam dragon bites you.
The steam dragon claws you.
* * * LOW HITPOINT WARNING * * *
The steam dragon bites you.
* * * LOW HITPOINT WARNING * * *
The steam dragon barely misses you.
Casting: Vampiric Draining (safe; 1% risk of failure)
Confirm with . or Enter, or press ? or * to list all spells.
Aiming: Vampiric Draining (safe; 1% risk of failure)
Press: ? - help, Shift-Dir - straight line, f - gnoll, p - steam dragon
Aim: a gnoll, wielding a +0 flail You draw life force from the gnoll!
You feel life coursing into your body. The steam dragon closely misses you.
The steam dragon claws you.
* * * LOW HITPOINT WARNING * * *
The gnoll misses you.
Casting: Vampiric Draining (safe; 1% risk of failure)
Confirm with . or Enter, or press ? or * to list all spells.
Aiming: Vampiric Draining (safe; 1% risk of failure)
Press: ? - help, Shift-Dir - straight line, f/p - gnoll
Aim: a gnoll, wielding a +0 flail (severely wounded)
You draw life force from the gnoll!!
You kill the gnoll!
Vehumet accepts your kill.
You feel your power returning.
You feel life coursing into your body. The steam dragon breathes steam at you.
The ball of steam hits you!
* * * LOW HITPOINT WARNING * * *
Cornered, the kobold brigand turns to fight!
The steam dragon breathes steam at you. The ball of steam hits you!
You die...

#...D.D...##)##.[..#
########.....#†#..###
g...#
............##.##).#
####
.............###[g###
..........#..##.g##.#
..........#..###..#K#
#########.#.##
##.....#
#....#.#D)#####
#.......@.#
#######.§.# #####


You could see a steam dragon (catching breath) and a kobold brigand.

Vanquished Creatures
  2 orc knights (Bailey)
  A kobold demonologist (D:9)
  A steam dragon (D:7)
  2 wyverns
  Menkaure (D:7)
  An ice beast (D:6)
  A sky beast (D:6)
  7 orc warriors (Bailey)
  2 black bears
  2 ogres
  A centaur (D:7)
  A phantom (D:7)
  Blork the orc (D:6)
  2 kobold brigands
  2 gnoll sergeants
  2 scorpions (D:5)
  3 wights (D:7)
  2 quasits (D:8)
  5 hounds
  A jelly (D:6)
  Crazy Yiuf (D:7)
  4 orc priests
  A gnoll bouda (D:8)
  5 iguanas
  A sleepcap (D:5)
  6 orc wizards
  24 gnolls
  9 adders
  3 shadow imps
  5 white imps
  3 ufetubi
  A worm (D:4)
  3 dart slugs
  48 orcs
  4 endoplasms
  9 goblins
  7 hobgoblins
  A quokka (D:1)
  5 ball pythons
  4 bats
  4 frilled lizards
  14 kobolds
  A rat (D:2)
203 creatures vanquished.

Vanquished Creatures (others)
  A white imp (D:8)
  An ufetubus (D:8)
  2 fulminant prisms (Bailey)
4 creatures vanquished.

Grand Total: 207 creatures vanquished

Notes
Turn   | Place    | Note
-------+----------+-------------------------------------------
     0 | D:1      | Esekla the Deep Elf Wanderer began the quest for the Orb.
     0 | D:1      | Esekla set off with the following items: a +0 club, a
                  | potion of lignification, a +0 robe, a +0 buckler; and the
                  | following spells available to memorise: Apportation, Blink,
                  | Lesser Beckoning, Magic Dart, Ignite Poison, Vampiric
                  | Draining.
     0 | D:1      | Reached XP level 1. HP: 10/10 MP: 7/7
     2 | D:1      | Learned a level 1 spell: Magic Dart
     4 | D:1      | Learned a level 1 spell: Apportation
   321 | D:2      | Found Renulab's Jewellery Shop.
   562 | D:4      | Found a radiant altar of Vehumet.
   566 | D:4      | Became a worshipper of Vehumet
   579 | D:4      | Found an iron altar of Okawaru.
   590 | D:4      | Found a glowing silver altar of Zin.
   730 | D:4      | Found Ponaysk's Antique Weapon Boutique.
   881 | D:3      | Reached skill level 1 in Dodging
   934 | D:3      | Reached XP level 2. HP: 15/15 MP: 9/9
   937 | D:3      | Learned a level 2 spell: Blink
  1026 | D:3      | Reached skill level 5 in Spellcasting
  1076 | D:3      | Found a stormy altar of Qazlal.
  1149 | D:2      | Reached XP level 3. HP: 17/19 MP: 8/11
  1322 | D:2      | Learned a level 3 spell: Ignite Poison
  1326 | D:2      | Learned a level 3 spell: Vampiric Draining
  1518 | D:3      | Identified the +5 rapier of the Hero {heavy, rN+ Dex+3}
  1684 | D:1      | Reached * piety under Vehumet
  1684 | D:1      | Offered knowledge of Freeze by Vehumet.
  1735 | D:1      | Reached skill level 1 in Necromancy
  1787 | D:1      | Reached XP level 4. HP: 24/24 MP: 7/13
  2006 | D:5      | Entered Level 5 of the Dungeon
  2022 | D:5      | Got the Parchment of the Lumpy Olives
  2048 | D:5      | Found a shadowy altar of Dithmenos.
  2167 | D:5      | Reached skill level 6 in Spellcasting
  2404 | D:5      | Reached XP level 5. HP: 7/28 MP: 4/15
  2739 | D:3      | Found a hazy altar of Hepliaklqana.
  2739 | D:3      | Found a bloodstained altar of Trog.
  2944 | D:4      | Found a glowing golden altar of the Shining One.
  3193 | D:2      | Found a faded altar of an unknown god.
  3223 | D:2      | Reached XP level 6. HP: 30/32 MP: 13/17
  3273 | D:2      | Reached skill level 7 in Spellcasting
  3273 | D:2      | Reached skill level 1 in Conjurations
  3698 | D:5      | Reached XP level 7. HP: 30/36 MP: 17/20
  3782 | D:5      | Reached skill level 8 in Spellcasting
  3783 | D:5      | Offered knowledge of Sandblast by Vehumet.
  3784 | D:5      | Reached skill level 1 in Short Blades
  3799 | D:5      | Reached ** piety under Vehumet
  4127 | D:6      | Reached skill level 1 in Transmutations
  4205 | D:6      | Reached skill level 1 in Throwing
  4209 | D:6      | Found a blossoming altar of Fedhas.
  4356 | D:6      | Reached skill level 1 in Fire Magic
  4356 | D:6      | Reached XP level 8. HP: 35/41 MP: 18/22
  4477 | D:6      | Noticed Blork the orc
  4484 | D:6      | Killed Blork the orc
  4485 | D:6      | Reached skill level 5 in Necromancy
  4485 | D:6      | Reached skill level 1 in Poison Magic
  4607 | D:6      | Noticed Pikel
  4630 | D:7      | Found a runed translucent door.
  4631 | D:7      | Noticed Crazy Yiuf
  4639 | D:7      | Killed Crazy Yiuf
  4640 | D:7      | Reached skill level 9 in Spellcasting
  4669 | D:7      | Offered knowledge of Volatile Blastmotes by Vehumet.
  4713 | D:7      | Reached skill level 5 in Dodging
  4743 | D:7      | Noticed Menkaure
  4748 | D:7      | Killed Menkaure
  5040 | D:7      | Reached *** piety under Vehumet
  5130 | D:7      | Reached XP level 9. HP: 45/45 MP: 20/24
  5216 | D:7      | Noticed Joseph
  5272 | D:6      | Found a staircase to the Ecumenical Temple.
  5614 | D:7      | Reached skill level 10 in Spellcasting
  5864 | D:7      | Offered knowledge of Hailstorm by Vehumet.
  6320 | D:8      | Found a transporter.
  6323 | D:8      | Found a transporter.
  6325 | D:8      | Found a transporter.
  6335 | D:8      | Noticed a two-headed ogre
  6336 | D:8      | Found a transporter.
  6350 | D:8      | Found a hide-covered altar of Uskayaw.
  6866 | D:8      | Reached **** piety under Vehumet
  7046 | D:9      | Found a flagged portal.
  7060 | Bailey   | Entered a bailey
  7176 | Bailey   | Offered knowledge of Fulminant Prism by Vehumet.
  7259 | Bailey   | Learned a level 4 spell: Fulminant Prism
  7262 | Bailey   | Identified the +2 bardiche of Puhoisos {heavy, rElec
                  | Stlth+}
  7443 | Bailey   | Noticed an orc knight
  7443 | Bailey   | Noticed an orc knight
  7472 | Bailey   | Killed an orc knight
  7473 | Bailey   | Reached skill level 11 in Spellcasting
  7473 | Bailey   | Reached skill level 1 in Hexes
  7475 | Bailey   | Reached XP level 10. HP: 45/50 MP: 27/27
  7527 | Bailey   | Killed an orc knight
  7741 | D:9      | HP: 1/50 [steam dragon/ball of steam (10)]
  7741 | D:9      | Killed from afar by a steam dragon

Illustrated notes

Levels and vault maps discovered:
D:1:      sevenhm_arrival_forest_fort_small_3, layout_rooms,
          chequers_serial_rivers_room_b, minmay_misc_feat_five
D:2:      layout_loops_ring, dreamdust_ecumenical_altar_angels_and_demons,
          serial_shops, shop
D:3:      layout_basic, grunt_temple_overflow_open, minmay_misc_feat_iff
D:4:      layout_basic, nicolae_overflow_quartered_altars, serial_shops,
          nicolae_diamond_shop
D:5:      layout_loops_ring, lemuel_doored_altar, minmay_misc_feat_rows,
          dreamdust_wishing_well
D:6:      layout_loops_cross, fedhas_altar_fruit_tree,
          minmay_temple_entry_glass, uniq_pikel, uniq_blork_the_orc
D:7:      layout_basic, uniq_menkaure, uniq_joseph, uniq_crazy_yiuf_cottage
D:8:      layout_basic, nicolae_uskayaw_dance_hall, serial_demonic,
          serial_demonic_d, serial_demonic_a, serial_demonic_c,
          serial_demonic_c, nicolae_diode_quadrants
D:9:      layout_irregular_city, kennysheep_little_box, enter_bailey_4,
          minmay_between, uniq_harold

Skill      XL: |  1  2  3  4  5  6  7  8  9 10 |
---------------+-------------------------------+-----
Dodging        | 1 2 3 4 5 |  5.9
Spellcasting   | 5 6 7 8 9 11 | 11.5
Necromancy     | 1 3 4 5 7 8 |  8.1
Conjurations   | 1 2 |  2.3
Stealth        | 2 3 |  3.4
Short Blades   | 1 2 3 |  3.1
Transmutations | 1 2 3 |  3.7
Throwing       | 1 2 |  2.0
Fire Magic     | 1 2 3 |  3.5
Poison Magic   | 2 3 4 |  4.0
Translocations | 3 |  3.9
Shields        | 2 |  2.0
Hexes          | 1 |  1.8
Fighting       | |  0.3
Long Blades    | |  0.1
Invocations    | |  1.0
Evocations     | |  0.6

Action                     |  1- 3 |  4- 6 |  7- 9 | 10-12 || total
---------------------------+-------+-------+-------+-------++-------
  Melee: Short sword       |    40 |       |       |       ||    40
         Rapier            |    17 |    62 |   134 |     7 ||   220
         Dagger            |       |       |    53 |       ||    53
         Scimitar          |       |       |     3 |       ||     3
  Throw: Dart              |       |    12 |    51 |    11 ||    74
   Cast: Apportation       |    28 |    22 |    33 |    11 ||    94
         Magic Dart        |    37 |    36 |    61 |       ||   134
         Vampiric Draining |       |    20 |    84 |    12 ||   116
         Blink             |       |     3 |     8 |     2 ||    13
         Ignite Poison     |       |     1 |     9 |     1 ||    11
         Fulminant Prism   |       |       |     1 |     1 ||     2
  Evoke: Wand              |       |       |    17 |       ||    17
    Use: Scroll            |     1 |       |    10 |     1 ||    12
         Potion            |     1 |       |     2 |     3 ||     6
   Stab: Sleeping          |     3 |     3 |     6 |     1 ||    13
 Armour: Robe              |    11 |    12 |    81 |     9 ||   113
  Dodge: Dodged            |    46 |    46 |   214 |    27 ||   333
  Block: Buckler           |     9 |    11 |    47 |     5 ||    72
